 Dungeon Crawl Stone Soup version 0.20.0-15-g7f486f2 (webtiles) character file.

266 Fenrisulfr the Poker (level 6, -11/51 HPs)
             Began as a Merfolk Monk on June 9, 2017.
             Was a Believer of Okawaru.
             Mangled by keltonhicks's ghost (14 damage)
             ... on level 4 of the Dungeon.
             The game lasted 00:07:52 (3234 turns).

Fenrisulfr the Poker (Merfolk Monk)                 Turns: 3234, Time: 00:07:52

Health: -11/51     AC:  3    Str: 11    XL:     6   Next: 20%
Magic:  6/6        EV: 20    Int: 14    God:    Okawaru [**....]
Gold:   150        SH:  0    Dex: 24    Spells: 5/5 levels left

rFire    . . .     SeeInvis .   a - +1 spear
rCold    . . .     Gourm    .   (no shield)
rNeg     . . .     Faith    .   k - +0 leather armour
rPois    .         Spirit   .   (no helmet)
rElec    .         Reflect  .   h - scarf {cloud immunity}
rCorr    .         Harm     .   (no gloves)
MR       .....                  (no boots)
Stlth    +++.......             (no amulet)
Regen    0.2/turn               r - +5 ring of intelligence
MPRegen  0.1/turn               (no ring)

@: agile
A: change form in water, swift swim, stealthy swim
a: Heroism, Renounce Religion


You were on level 4 of the Dungeon.
You worshipped Okawaru.
Okawaru was pleased with you.
You were hungry.

You visited 1 branch of the dungeon, and saw 4 of its levels.

You collected 150 gold pieces.

Inventory:

Hand Weapons
 a - a +1 spear (weapon)
Armour
 h - a scarf of cloud immunity (worn)
 k - a +0 leather armour (worn)
Jewellery
 r - a +5 ring of intelligence (left hand)
Scrolls
 p - a scroll of teleportation
Potions
 d - a potion of flight
 e - a potion of curing {unknown}
Comestibles
 b - a chunk of flesh
 c - 3 bread rations
 f - 4 royal jellies
 g - 4 fruits
 i - a meat ration


   Skills:
 + Level 5.4 Fighting
 * Level 7.8 Polearms
 - Level 4.0 Dodging
 - Level 2.1 Stealth
 + Level 0.2 Invocations


You had 5 spell levels left.
You didn't know any spells.

Dungeon Overview and Level Annotations

Branches:
Dungeon (4/15)
 Temple: D:4-7

Altars:
Ashenzari
Okawaru
Sif Muna

Annotations:
D:4 keltonhicks's ghost, amateur MiFi


Message History

Keltonhicks's ghost closely misses you.
You hit keltonhicks's ghost but do no damage.
Keltonhicks's ghost is lightly damaged.
You hit keltonhicks's ghost but do no damage.
Keltonhicks's ghost is lightly damaged.
Keltonhicks's ghost closely misses you.
You hit keltonhicks's ghost but do no damage.
Keltonhicks's ghost is lightly damaged.
Keltonhicks's ghost hits you. Keltonhicks's ghost hits you!
* * * LOW HITPOINT WARNING * * *
There is a stone staircase leading up, spattered with blood here.
You barely miss keltonhicks's ghost.
Keltonhicks's ghost is lightly damaged.
You hit keltonhicks's ghost.
Keltonhicks's ghost is moderately damaged.
Keltonhicks's ghost hits you!
* * * LOW HITPOINT WARNING * * *
Keltonhicks's ghost hits you!
You die...

###########
#.........#
#.........#
#.........#
#.....@...#
#.....W...#
###
#....!...?#
..#
##...########
#.######...##
....ยง....#
).......#
#.......#
#.......#


You could see keltonhicks's ghost.

Vanquished Creatures
  A bullfrog zombie (D:3)
  An orc wizard (D:3)
  A worker ant (D:4)
  A gnoll (D:1)
  7 adders
  An ooze (D:3)
  2 worms
  3 dart slugs
  6 leopard geckos
  3 orcs (D:3)
  4 giant cockroaches
  12 goblins
  10 hobgoblins
  8 kobolds
  A quokka (D:2)
  A ball python (D:3)
  7 bats
  15 frilled lizards
  5 rats
89 creatures vanquished.

Notes
Turn   | Place    | Note
-------+----------+-------------------------------------------
     0 | D:1      | Fenrisulfr the Merfolk Monk began the quest for the Orb.
     0 | D:1      | Reached XP level 1. HP: 18/18 MP: 1/1
    75 | D:1      | Reached skill level 5 in Polearms
    75 | D:1      | Reached XP level 2. HP: 25/25 MP: 2/2
   337 | D:1      | Reached XP level 3. HP: 29/30 MP: 3/3
   905 | D:2      | Reached XP level 4. HP: 34/37 MP: 4/4
   974 | D:2      | Reached skill level 6 in Polearms
  1149 | D:2      | Found an iron altar of Okawaru.
  1295 | D:2      | Found a shattered altar of Ashenzari.
  1330 | D:2      | Found a deep blue altar of Sif Muna.
  1784 | D:2      | Became a worshipper of Warmaster Okawaru
  1784 | D:2      | Reached * piety under Okawaru
  1784 | D:2      | Reached ** piety under Okawaru
  1846 | D:3      | Reached XP level 5. HP: 31/43 MP: 5/5
  1862 | D:3      | Reached skill level 5 in Fighting
  2160 | D:3      | Reached skill level 7 in Polearms
  2672 | D:3      | Reached XP level 6. HP: 17/51 MP: 6/6
  3073 | D:4      | Noticed keltonhicks's ghost (amateur MiFi)
  3234 | D:4      | Mangled by keltonhicks's ghost

Skill      XL: |  1  2  3  4  5 |
---------------+----------------+-----
Polearms       | 5 6 7 |  7.8
Fighting       | 4 5 |  5.4
Dodging        | |  4.0
Stealth        | |  2.1
Invocations    | |  0.2

Action                   |  1- 3 |  4- 6 || total
-------------------------+-------+-------++-------
Melee: Spear             |    94 |   273 ||   367
  Use: Scroll            |       |     5 ||     5
       Potion            |       |     4 ||     4
 Stab: Sleeping          |     5 |    11 ||    16
       Distracted        |     1 |       ||     1
  Eat: Chunk             |       |     7 ||     7
Armor: Robe              |     3 |    23 ||    26
       Leather armour    |       |     3 ||     3
Dodge: Dodged            |    35 |   149 ||   184
